 Dungeon Crawl Stone Soup version 0.23.2-1-ga50397a6bc (webtiles) character file.

Game seed: 12842836285373938732

28 Banto the Grave Robber (level 2, 0/24 HPs)
             Began as a Demigod Wanderer on May 10, 2019.
             Succumbed to an adder's poison
             ... on level 2 of the Dungeon.
             The game lasted 00:02:01 (1235 turns).

Banto the Grave Robber (Demigod Wanderer)           Turns: 1235, Time: 00:02:01

Health: 0/24       AC:  3    Str: 15    XL:     2   Next: 78%
Magic:  5/5        EV: 12    Int: 17    God:
Gold:   93         SH:  0    Dex: 14    Spells: 1/3 levels left

rFire    + . .     SeeInvis .   b - +0 spear
rCold    + . .     Gourm    .   (no shield)
rNeg     . . .     Faith    .   m - +0 leather armour
rPois    +         Spirit   .   (no helmet)
rElec    +         Reflect  .   (no cloak)
rCorr    +         Harm     .   (no gloves)
MR       .....                  (no boots)
Stlth    ++........             (no amulet)
HPRegen  0.08/turn              (no ring)
MPRegen  0.09/turn              (no ring)

@: lethally poisoned (0 -> -2), resistant, hasted, very quick
A: high mp 1
a: no special abilities


You were on level 2 of the Dungeon.
You were not hungry.

You visited 1 branch of the dungeon, and saw 2 of its levels.

You collected 93 gold pieces.

Inventory:

Hand Weapons
 b - a +0 spear (weapon)
Armour
 d - a +0 robe
 k - a cursed +0 buckler
 m - a +0 leather armour (worn)
Jewellery
 e - an uncursed amulet of rage {unknown}
 f - an uncursed amulet of the gourmand {unknown}
Scrolls
 a - a scroll of immolation {unknown}
 j - a scroll of remove curse {unknown}
Potions
 i - 2 potions of haste
Comestibles
 g - 2 rations
 l - 4 chunks of flesh


   Skills:
 - Level 1.9 Fighting
 + Level 1.0 Polearms
 + Level 1.6 Dodging
 - Level 1.8 Stealth
 + Level 0.3 Shields
 - Level 1.0 Unarmed Combat
 - Level 1.0 Spellcasting
 + Level 2.2 Necromancy
   Level 1.0 Evocations


You had one spell level left.
You knew the following spells:

 Your Spells              Type           Power        Failure   Level  Hunger
a - Animate Skeleton      Necr           N/A          11%         1    ##.....
b - Pain                  Necr           #...         11%         1    ##.....

Your spell library contained the following spells:

 Spells                   Type           Power        Failure   Level  Hunger
 Sting                    Conj/Pois      #...         26%         1    ##.....
 Vampiric Draining        Necr           #.........   32%         3    ####...
 Regeneration             Chrm/Necr      #.........   45%         3    ####...
 Ignite Poison            Fire/Tmut/Pois #.......     61%         3    ####...
 Animate Dead             Necr           N/A          71%         4    #####..


Dungeon Overview and Level Annotations

Branches:
Dungeon (2/15)


Innate Abilities, Weirdness & Mutations

You have an increased reservoir of magic. (+10% MP)


Message History

* * * LOW HITPOINT WARNING * * *
Attack whom?
Press: ? - help, Dir - move target cursor, f/p - adder
Aim: an adder (almost dead)
You hit the adder.
You kill the adder!
Your Polearms skill increases to level 1!
It was a potion of haste.
You feel yourself speed up.
* * * LOW HITPOINT WARNING * * *
You feel sick.
It was a potion of resistance.
You feel protected.
You see here an adder corpse.
You butcher the adder corpse.
Things that are here:
2 chunks of flesh; an adder skeleton
Things that are here:
2 chunks of flesh; an adder skeleton
Okay, then.
You die...

....#.#.....### ..
#.#........
###+#........
#............
#............
#......###.<.
#......# #...
..#.########......#
###.
..$....@%..'......+
..
....########......#
##. . #......# ##
#......# ########


There were no monsters in sight!

Vanquished Creatures
  An adder (D:2)
  A leopard gecko (D:1)
  A goblin (D:1)
  3 hobgoblins
  2 jackals (D:1)
  2 kobolds (D:1)
  2 bats (D:1)
  2 frilled lizards (D:1)
  3 rats (D:1)
17 creatures vanquished.

Vanquished Creatures (collateral kills)
  A worm (D:2)
1 creature vanquished.

Grand Total: 18 creatures vanquished

Notes
Turn   | Place    | Note
-------+----------+-------------------------------------------
     0 | D:1      | Banto the Demigod Wanderer began the quest for the Orb.
     0 | D:1      | Banto set off with the following items: a +0 club, a potion
                  | of curing, a +0 robe, a +0 dagger, a ration; and the
                  | following spells available to memorise: Animate Skeleton,
                  | Pain, Sting, Vampiric Draining, Regeneration, Ignite
                  | Poison, Animate Dead
     0 | D:1      | Reached XP level 1. HP: 17/17 MP: 4/4
     2 | D:1      | Learned a level 1 spell: Animate Skeleton
     4 | D:1      | Learned a level 1 spell: Pain
   399 | D:1      | Reached skill level 2 in Necromancy
   402 | D:1      | Reached XP level 2. HP: 19/24 MP: 5/5
  1228 | D:2      | Reached skill level 1 in Polearms
  1229 | D:2      | HP: 1/24 [poisoned by an adder]
  1235 | D:2      | Succumbed to an adder's poison

Skill      XL: |  1  2 |
---------------+-------+-----
Necromancy     | 2 |  2.2
Polearms       | 1 |  1.0
Fighting       | |  1.9
Dodging        | |  1.6
Stealth        | |  1.8
Shields        | |  0.3
Unarmed Combat | |  1.0
Spellcasting   | |  1.0
Evocations     | |  1.0

Action                   || total
-------------------------++-------
Melee: Spear             ||    69
       Club              ||    11
 Cast: Animate Skeleton  ||     3
  Use: Potion            ||     3
 Stab: Sleeping          ||     4
  Eat: Chunk             ||     1
Armor: Robe              ||     7
       Leather armour    ||     4
Dodge: Dodged            ||    40
